 Dungeon Crawl Stone Soup version 0.21.0-3-g78d12a8 (webtiles) character file.

1554 HungrySpirit the Cleaver (level 8, -6/75 HPs)
             Began as a Deep Dwarf Monk on Jan 9, 2018.
             Mangled by a sun demon (8 damage)
             ... summoned by a kobold demonologist
             ... on level 7 of the Dungeon.
             The game lasted 00:11:53 (5358 turns).

HungrySpirit the Cleaver (Deep Dwarf Monk)          Turns: 5358, Time: 00:11:54

Health: -6/75      AC: 11    Str: 18    XL:     8   Next: 57%
Magic:  0/0        EV:  9    Int: 10    God:
Gold:   28         SH:  0    Dex: 15    Spells: 7/7 levels left

rFire    . . .     SeeInvis .   a - +0 hand axe
rCold    . . .     Gourm    .   (no shield)
rNeg     . . .     Faith    .   i - +0 chain mail
rPois    .         Spirit   .   (no helmet)
rElec    .         Reflect  .   (no cloak)
rCorr    .         Harm     .   (no gloves)
MR       +....                  m - +0 pair of boots
Stlth    ..........             (no amulet)
HPRegen  0.00/turn              (no ring)
MPRegen  0.07/turn              (no ring)

@: non-regenerating
A: damage resistance, heal wounds, sense surroundings 1, no regeneration
a: Heal Wounds


You were on level 7 of the Dungeon.
You were very hungry.

You visited 2 branches of the dungeon, and saw 8 of its levels.

You collected 338 gold pieces.
You spent 310 gold pieces at shops.

Inventory:

Hand Weapons
 a - a +0 hand axe (weapon)
Armour
 i - a +0 chain mail (worn)
 m - a +0 pair of boots (worn)
Wands
 j - a wand of flame (27)
 q - a wand of iceblast (9)
 s - a wand of acid (4)
Scrolls
 d - 2 scrolls of blinking {unknown}
 e - 2 scrolls of teleportation {unknown}
 f - 2 scrolls of immolation {unknown}
 h - 4 scrolls of identify
 k - 3 scrolls of amnesia {unknown}
 l - 2 scrolls of remove curse
 o - a scroll of fog {unknown}
 t - a scroll of enchant armour {unknown}
 x - 2 scrolls of enchant weapon {unknown}
 y - a scroll of noise {unknown}
 z - 2 scrolls of random uselessness {unknown}
 B - a scroll of brand weapon {unknown}
 D - a scroll of magic mapping {unknown}
Potions
 b - a potion of haste
 g - 2 potions of lignification
 n - 3 potions of heal wounds
 p - a potion of flight
 u - a potion of might
 v - a potion of agility
 w - 2 potions of berserk rage
 A - 2 potions of invisibility {unknown}
Books
 r - a book of Changes

   Spells                             Type                      Level
   a - Beastly Appendage              Transmutation                1
   b - Sticks to Snakes               Transmutation                2
   c - Spider Form                    Transmutation/Poison         3
   d - Ice Form                       Ice/Transmutation            4
   e - Blade Hands                    Transmutation                5
Comestibles
 c - 8 rations


   Skills:
 + Level 5.6 Fighting
 * Level 9.0 Axes
 + Level 5.7 Armour
 - Level 3.2 Dodging
 - Level 2.4 Stealth


You had 7 spell levels left.
You didn't know any spells.

Dungeon Overview and Level Annotations

Branches:
Dungeon (7/15)             Temple (1/1) D:7

Altars:
Ashenzari
Cheibriados
Dithmenos
Elyvilon
Fedhas
Gozag
Hepliaklqana
Kikubaaqudgha
Nemelex Xobeh
Okawaru
Qazlal
Ru
Sif Muna
Trog
Uskayaw
Vehumet
Wu Jian
Yredelemnul
Zin
The Shining One

Shops:
D:4 !   D:5 }   D:6 !

Annotations:
D:6 PeterMcNeter's ghost, amateur DsGl


Innate Abilities, Weirdness & Mutations

You are resistant to damage.
You can heal yourself by infusing magical energy.
You passively map a small area around you.
You do not regenerate.


Message History

You barely miss the sun demon. You hit the iron imp.
The kobold demonologist casts a cantrip, but nothing happens.
The sun demon hits you!
You are engulfed in flames!
You miss the kobold demonologist.
The kobold demonologist is almost dead.
You closely miss the iron imp. You hit the sun demon.
The kobold demonologist closely misses you.
The iron imp hits you.
* * * LOW HITPOINT WARNING * * *
The sun demon hits you but does no damage.
You barely miss the kobold demonologist.
The kobold demonologist is almost dead.
You closely miss the sun demon. You hit the iron imp but do no damage.
The kobold demonologist hits you but does no damage.
The orange demon stings you from afar!
* * * LOW HITPOINT WARNING * * *
The sun demon hits you!
* * * LOW HITPOINT WARNING * * *
You are engulfed in flames!
You die...

, , , #[....# #.., ,, #.....#
#.# * , #.....# #.# ,* ##...##
#<## , ######...# ####..### , ,
...##...# #.......# * , *
...####.##...###.#...#.## *
#......4K3..+....#.#...#* #
*######.##@..###...>....#*
#.#######.##.5......#.#...#*,
,*#......>..#........#...#.....
####'o#####....##.........##.
#≈≈≈..≈≈≈##.........#######
#§§≈§..≈≈≈≈#####....## *
#≈§≈≈≈..≈≈≈≈≈#* #....#* , ,
§≈§≈≈≈.o≈≈≈≈≈≈# #....#*,* *
≈≈§≈≈≈..≈≈≈§§§≈*#....#


You could see a sun demon, an orange demon, a kobold demonologist and an iron
imp.

Vanquished Creatures
  The ghost of ThereIsNoGod the Digger, a novice OpEE (D:4)
  A hippogriff (D:7)
  An ice beast (D:6)
  2 ogres
  A scorpion (D:6)
  5 howler monkeys
  A lava snake (D:7)
  A jelly (D:6)
  An orc priest (D:3)
  3 orc wizards
  An iguana (D:3)
  A centaur skeleton (D:4)
  6 worker ants
  A hound zombie (D:6)
  A worker ant zombie (D:4)
  A howler monkey skeleton (D:4)
  7 gnolls
  6 adders
  3 dart slugs
  7 leopard geckos
  17 orcs
  5 giant cockroaches
  9 goblins
  8 hobgoblins
  5 jackals
  4 kobolds
  A ball python (D:1)
  6 bats
  3 frilled lizards
  7 rats
116 creatures vanquished.

Notes
Turn   | Place    | Note
-------+----------+-------------------------------------------
     0 | D:1      | HungrySpirit the Deep Dwarf Monk began the quest for the Orb.
     0 | D:1      | Reached XP level 1. HP: 20/20 MP: 1/1
    31 | D:1      | Reached XP level 2. HP: 20/27 MP: 2/2
   135 | D:1      | Reached skill level 1 in Armour
   375 | D:1      | Reached skill level 4 in Axes
   421 | D:1      | Reached XP level 3. HP: 33/34 MP: 3/3
  1037 | D:2      | Found a faded altar of an unknown god.
  1236 | D:2      | Found a hazy altar of Hepliaklqana.
  1383 | D:3      | Reached XP level 4. HP: 14/42 MP: 4/4
  1422 | D:3      | Found a shadowy altar of Dithmenos.
  1725 | D:3      | Reached skill level 5 in Axes
  1725 | D:3      | Reached XP level 5. HP: 39/49 MP: 4/4
  2093 | D:4      | Noticed ThereIsNoGod's ghost (novice OpEE)
  2327 | D:3      | Reached XP level 6. HP: 20/57 MP: 4/4
  2366 | D:4      | Killed ThereIsNoGod's ghost
  2366 | D:4      | Reached skill level 6 in Axes
  2366 | D:4      | Reached XP level 7. HP: 31/64 MP: 5/5
  2372 | D:4      | Found a deep blue altar of Sif Muna.
  2432 | D:4      | Reached skill level 7 in Axes
  2459 | D:4      | Found Ipratt's Distillery.
  2464 | D:4      | Bought a potion of curing for 36 gold pieces
  2464 | D:4      | Bought a potion of might for 48 gold pieces
  2464 | D:4      | Bought a potion of agility for 48 gold pieces
  3066 | D:4      | Found an iron altar of Okawaru.
  3069 | D:4      | Found a shattered altar of Ashenzari.
  3075 | D:4      | Found a glowing silver altar of Zin.
  3083 | D:4      | Found a sacrificial altar of Ru.
  3096 | D:4      | Found a glowing golden altar of the Shining One.
  3152 | D:5      | Entered Level 5 of the Dungeon
  3810 | D:5      | Found Uninayr's Gadget Shop.
  3818 | D:5      | Bought a wand of iceblast (5) for 108 gold pieces
  3923 | D:6      | Reached skill level 5 in Fighting
  3923 | D:6      | Reached XP level 8. HP: 41/74 MP: 2/2
  4047 | D:6      | Reached skill level 8 in Axes
  4254 | D:6      | Found Zeegag's Distillery.
  4263 | D:6      | Bought a potion of heal wounds for 50 gold pieces
  4263 | D:6      | Bought 2 potions of degeneration for 20 gold pieces
  4363 | D:6      | Reached skill level 5 in Armour
  4479 | D:6      | Noticed PeterMcNeter's ghost (amateur DsGl)
  5097 | D:7      | Found a staircase to the Ecumenical Temple.
  5099 | D:7      | Noticed a hippogriff
  5104 | Temple   | Entered the Ecumenical Temple
  5258 | D:7      | Killed a hippogriff
  5258 | D:7      | Reached skill level 9 in Axes
  5319 | D:7      | Noticed a kobold demonologist
  5354 | D:7      | Noticed a sun demon
  5357 | D:7      | Noticed an orange demon
  5358 | D:7      | HP: 2/75 [sun demon[a kobold demonologist] (14)]
  5358 | D:7      | Mangled by a sun demon

Skill      XL: |  1  2  3  4  5  6  7  8 |
---------------+-------------------------+-----
Armour         | 1 2 3 4 5 |  5.7
Fighting       | 3 4 5 |  5.6
Axes           | 4 5 6 7 9 |  9.0
Dodging        | |  3.2
Stealth        | |  2.4

Action                   |  1- 3 |  4- 6 |  7- 9 || total
-------------------------+-------+-------+-------++-------
Melee: Hand axe          |   160 |   161 |   340 ||   661
 Abil: Heal Wounds       |     1 |     6 |    17 ||    24
Evoke: Wand              |       |       |     7 ||     7
  Use: Scroll            |     2 |       |     3 ||     5
       Potion            |       |     1 |     1 ||     2
 Stab: Sleeping          |     2 |       |       ||     2
  Eat: Chunk             |     2 |     3 |     2 ||     7
       Ration            |       |       |     2 ||     2
Armor: Robe              |    17 |       |       ||    17
       Chain mail        |    55 |    83 |   178 ||   316
Dodge: Dodged            |    98 |    56 |   151 ||   305
